AoeStats
← ytmq

Arena

510670805Analyzed
3v3 RM · 21h ago on Oct 2, 2026· 37m 56s· 6 players
Game mode
Random Map
Map size
Normal (6 player)
Population
200
Speed
Normal
Resources
Standard
Victory
Conquest
Starting age
Dark Age
Ending age
Imperial Age
RankedLock teamsTeams togetherTeam positionsShared explorationLock speedFull tech treeHidden civsTurbo modeCheats
Victory
Defeat
🇨🇳 Franks · China
997
+6
🇵🇪 Slavs · Peru
937
+7
🇨🇳 Gurjaras · China
896
+8
🇳🇿 Celts · New Zealand
747
-8
🇧🇷 Goths · Brazil
712
-7
🇵🇪 Spanish · Peru
700
-6
Lord Humungus
0:32 Loom
13:28 Feudal Age
13:54 Double-Bit Axe
14:47 Wheelbarrow
13:55 Horse Collar
14:07 Gold Mining
14:18 Stone Mining
19:11 Scale Mail Armor
22:58 Forging
25:21 Arson
28:10 Castle Age
brunoghizzokonig
0:31 Loom
12:24 Feudal Age
17:42 Castle Age
17:33 Man-at-Arms
20:18 Long Swordsman
25:34 Squires
32:32 Long Swordsman
aalber
2:44 Loom
11:11 Feudal Age
12:30 Wheelbarrow
12:34 Double-Bit Axe
22:40 Castle Age
24:20 Hand Cart
25:45 Stone Mining
26:59 Horse Collar
30:53 Pikeman
31:34 Squires
31:45 Scale Mail Armor
31:56 Forging
Zfender
10:44 Feudal Age
11:08 Horse Collar
11:16 Double-Bit Axe
20:04 Castle Age
18:17 Stone Mining
20:30 Wheelbarrow
20:14 Forging
20:01 Gold Mining
21:11 Heavy Plow
21:21 Town Watch
21:51 Bow Saw
22:23 Iron Casting
25:55 Hand Cart
27:46 Gold Shaft Mining
27:49 Scale Mail Armor
28:58 Squires
28:18 Pikeman
33:02 Imperial Age
30:50 Chain Mail Armor
35:17 Capped Ram
35:20 Halberdier
37:11 Siege Ram
37:11 Heavy Scorpion
38:10 Masonry
38:05 Siege Engineers
38:21 Ballistics
39:02 Chemistry
38:38 Plate Mail Armor
39:09 Blast Furnace
39:11 Two-Man Saw
爱你的伦伦
0:48 Loom
11:43 Feudal Age
12:15 Double-Bit Axe
13:52 Horse Collar
19:19 Castle Age
20:47 Heavy Plow
24:04 Town Watch
27:01 Imperial Age
24:54 Bow Saw
25:23 Wheelbarrow
24:45 Stone Mining
27:06 Treadmill Crane
28:54 Conscription
29:09 Husbandry
30:19 Bloodlines
30:41 Ballistics
32:59 Fletching
33:59 Murder Holes
35:22 Padded Archer Armor
35:18 Bodkin Arrow
36:03 Kshatriyas
37:08 Gold Mining
37:50 Fervor
ytmq
5:14 Loom
11:53 Feudal Age
13:03 Double-Bit Axe
17:08 Castle Age
17:00 Forging
17:08 Gold Mining
17:11 Stone Mining
18:12 Bow Saw
18:31 Gold Mining
19:52 Scale Mail Armor
25:28 Fletching
29:08 Wheelbarrow
28:18 Town Watch
29:44 Bodkin Arrow
34:10 Imperial Age
32:47 Hand Cart
32:36 Husbandry
35:39 Conscription
34:43 Capped Ram
36:35 Gold Shaft Mining
37:26 Cavalier
Connection lost

Rejoining the realm…

Still unreachable

The connection could not be restored.

Session expired

The server has moved on; the page needs a fresh start.